Unix NetHack Version 5.0.0-0 post-release - last build May  4 2026 22:22:43 (774f63e81ad911689b3a0859ea89b322d5daca8d,branch:main).

Game began 2026-05-09 19:57:57, ended 2026-05-10 22:17:12.

Hareimo, chaotic male human Wizard

  ---------
  |..[.[/[|                                                    --------
  |.).[...|                                 ----------         +>.....|
  |....!(.|                                 |.(......|        #|......|
  |..../.+|                              ###.........-#  ###o@e.......|
  ------|--                        #### ##  |........|# ####G# --------
        #                             ######.........|# ##
       ##                         ######    ---.------# ##
       #         ----------   #####                   # ##
       #      ###-........-####                       ####
  -----.---- ##  |....<...|#                       #######
  |....`...|##   |........|#                --.----#### #   -------
  |........-#    ----------##   --------    |.....|###  ##  |>....|    -----
  |........|                ##  |....:.|    |......##### ###......|####....|
  |........|                 ###-.......## #|.....|    #    |......#   |...|
  ----------                    |......| ###.......#########......|##  ....|
                                |.......####-------   ####  |.....|    -----
                                -.------                    -------

Hareimo the Thaumaturge   St:10 Dx:16 Co:16 In:18 Wi:15 Ch:9  Chaotic
Dlvl:2  $:918 HP:0(69) Pw:77(77) AC:-4 Xp:8 T:6345 

Latest messages:
 The gnome lady hits!
 The goblin hits!
 The gnome lady misses!
 The goblin misses!
 The gnome lady hits!
 The gnome lady hits!
 The gnome lady hits!
 The gnome lady hits!
 The gnome lady hits!
 The goblin misses!
 The gnome lady hits!
 The gnome lady hits!
 The goblin hits!
 The gnome lady hits!
 The goblin misses!
 The gnome lady just misses!
 The gnome lady hits!
 The goblin hits!
 The goblin misses!
 The gnome lady hits!
 The gnome lady hits!
 The goblin hits!
 The gnome lady hits!
 The goblin misses!
 The gnome lady hits!
 The goblin hits!
 The goblin misses!
 The gnome lady hits!
 The goblin misses!
 The gnome lady hits!
 The goblin hits!
 The goblin hits!
 The gnome lady misses!
 The goblin hits!
 The gnome lady hits!
 The goblin misses!
 The gnome lady misses!
 The goblin misses!
 The goblin hits!
 The gnome lady hits!
 The gnome lady hits!
 The goblin hits!
 The gnome lady hits!
 The goblin just misses!
 The gnome lady hits!
 The goblin hits!
 The gnome lady hits!
 You die...
 Do you want your possessions identified? [ynq] (y) y
 Do you want to see your attributes? [ynq] (y) q

Inventory:
 Coins    ('$')
  $ - 918 gold pieces
 Amulets  ('"')
  j - a cursed amulet of strangulation
 Weapons  (')')
  i - a +0 elven dagger
  a - a blessed +3 quarterstaff (weapon in hands)
 Armor    ('[')
  y - a blessed +1 orcish helm (being worn)
  D - a blessed +2 pair of speed boots (being worn)
  b - a blessed +3 cloak of magic resistance (being worn)
  c - an uncursed +0 elven mithril-coat (being worn)
 Comestibles  ('%')
  E - an uncursed slime mold
  C - an uncursed pear
  O - an uncursed tripe ration
  P - an uncursed lichen corpse
 Scrolls  ('?')
  Q - an uncursed scroll of create monster
  K - an uncursed scroll of scare monster
 Potions  ('!')
  g - an uncursed potion of object detection
  G - an uncursed potion of speed
 Rings    ('=')
  d - an uncursed ring of see invisible
  p - an uncursed ring of teleportation
 Wands    ('/')
  M - a wand of create monster (0:0)
  q - a cursed wand of digging (0:5)
  r - a wand of lightning (0:7)
  S - a wand of lightning (0:4)
  J - a wand of magic missile (0:7)
  t - a cursed wand of make invisible named vanish (0:1)
 Tools    ('(')
  l - an uncursed blindfold
  n - a magic marker (0:21)
  e - an uncursed skeleton key

Hareimo the Wizard's attributes:

Background:
 You were a Thaumaturge, a level 8 male human Wizard.
 You were chaotic, on a mission for Anhur
 who was opposed by Ptah (lawful) and Thoth (neutral).
 You were right-handed.
 You were in the Dungeons of Doom, on level 2.
 You entered the dungeon 6345 turns ago.
 It was nighttime.
 You had 1535 experience points, 1025 more were needed to attain level 9.

Basics:
 You had 0 out of 69 hit points.
 You had all 77 energy points (spell power).
 Your armor class was -4.
 Your wallet contained 918 zorkmids.
 Autopickup was off.

Final Characteristics:
 Your strength was 10 (limit:18/100).
 Your dexterity was 16 (limit:18).
 Your constitution was 16 (limit:18).
 Your intelligence was 18 (limit:18).
 Your wisdom was 15 (limit:18).
 Your charisma was 9 (limit:18).

Final Status:
 You weren't hungry.
 You were unencumbered.
 You were wielding a quarterstaff.
 You were skilled in quarterstaff and could have enhanced that.

Final Attributes:
 You were piously aligned.
 You were magic-protected.
 You were poison resistant.
 You were guarded.
 Your spell casting was impaired by metallic armor.
 You were very fast.
 You are dead.

Miscellaneous:
 You encountered 1 bones level.
 Total elapsed playing time was 2 hours, 44 minutes and 52 seconds.

Major events:
 Turn
    1: Hareimo the chaotic male human Wizard entered the dungeon
 1370: entered the Gnomish Mines
 1486: attained the rank of Conjurer (level 3)
 2310: read a Discworld novel
 3917: attained the rank of Thaumaturge (level 6)
 6345: killed by a gnome lady, while frozen by a floating eye's gaze

Spells:
 Name                 Level Category     Fail Retention
 force bolt             1   attack        49%   61%-70%
 extra healing          3   healing      100%   51%-75%
 light                  1   divination    49%   51%-75%
 healing                1   healing       49%  76%-100%
 magic missile          2   attack        13%  91%-100%
 cure blindness         2   healing       88%  76%-100%

Skills:
 Fighting Skills
   bare handed combat [Unskilled]
   riding             [Unskilled]
 Weapon Skills
   dagger             [Unskilled]
   knife              [Unskilled]
   axe                [Unskilled]
   short sword        [Unskilled]
   club               [Unskilled]
   mace               [Unskilled]
   quarterstaff       [Skilled]
   polearms           [Unskilled]
   spear              [Unskilled]
   trident            [Unskilled]
   sling              [Unskilled]
   dart               [Unskilled]
   shuriken           [Unskilled]
 Spellcasting Skills
   attack spells      [Basic]
   healing spells     [Unskilled]
   divination spells  [Unskilled]
   enchantment spells [Basic]
   clerical spells    [Unskilled]
   escape spells      [Unskilled]
   matter spells      [Unskilled]

Voluntary challenges:
 Character rerolling was not enabled.
 You never genocided any monsters.
 You never polymorphed an object.
 You never changed form.
 You used no wishes.
Achievements:
 You entered a shop.
 You entered the Gnomish Mines.
 You attained the rank of Conjurer.
 You read from a Discworld novel.
 You attained the rank of Thaumaturge.

 The Dungeons of Doom: levels 1 to 9
    Level 1:
       An altar to Anhur.
    Level 2: "stash" <- You were here.
       A general store.
       Stairs down to The Gnomish Mines.
       Final resting place for
          you, killed by a gnome lady, while frozen by a floating eye's gaze.
    Level 3:
       A scroll shop.
    Level 4:
    Level 5: "vault $$"
    Level 6:
    Level 7:
       A general store.
    Level 8: "vault"
       Final resting place for
          groeloe-Kni-Hum-Fem-Law, killed by a winter wolf.
    Level 9:
 The Gnomish Mines:
    Level 3:


Vanquished creatures:
  a ghost
  a winter wolf
  2 tengu
  a quivering blob
  a wolf
  2 leprechauns
 an owlbear
  a jaguar
  a blue jelly
  a raven
  a snake
  3 human zombies
  a soldier ant
  a wood nymph
  a water nymph
  a mountain nymph
  2 rock piercers
  a yellow light
  a kobold mummy
  3 elf zombies
  a ghoul
  a straw golem
  6 giant ants
  a little dog
  a floating eye
  a kitten
  3 dwarves
  a kobold leader
 22 hill orcs
  a centipede
  a giant bat
  2 orc zombies
  3 dwarf zombies
  4 iguanas
  7 killer bees
 an acid blob
  a coyote
  2 gas spores
  2 hobbits
  7 manes
  2 large kobolds
  a hobgoblin
  a giant rat
  a brown mold
  2 yellow molds
  a green mold
  a gnome zombie
  5 geckos
  7 jackals
  3 foxes
  4 kobolds
  7 goblins
  5 sewer rats
 18 grid bugs
  5 bats
  8 lichens
  3 kobold zombies
 16 newts
185 creatures vanquished.

No species were genocided or became extinct.

Game over:
                       ----------
                      /          \
                     /    REST    \
                    /      IN      \
                   /     PEACE      \
                  /                  \
                  |     Hareimo      |
                  |      918 Au      |
                  |   killed by a    |
                  |    gnome lady    |
                  |                  |
                  |                  |
                  |       2026       |
                 *|     *  *  *      | *
        _________)/\\_//(\/(/\)/\//\/|_)_______

Goodbye Hareimo the Wizard...

You died in The Dungeons of Doom on dungeon level 2 with 7407 points,
and 918 pieces of gold, after 6345 moves.
You were level 8 with a maximum of 69 hit points when you died.

